 Dungeon Sprint DCSS version 0.22.0-16-gc6d26f6 (webtiles) character file.

15400000 poirepourri the Middleweight Champion (level 27, -22/272 (273) HPs)
             Began as a Ghoul Gladiator on Aug 17, 2018.
             Was the Champion of Makhleb.
             Annihilated by a fleshlord
             ... wielding a +9 great mace
              (233 damage)
             ... in the Dungeon (Sprint VIII: "Arena of Blood").
             The game lasted 00:03:23 (154 turns).

poirepourri the Middleweight Champion (GhGl)         Turns: 154, Time: 00:03:23

HP:   -22/272 (273) AC:  8    Str: 22    XL:     27
MP:   50/53         EV: 34    Int:  3    God:    Makhleb [******]
Gold: 0             SH:  0    Dex: 19    Spells: 80/80 levels left

rFire    . . .     SeeInvis .   k - +∞ Axe of Woe
rCold    + . .     Gourm    .   (shield currently unavailable)
rNeg     + + +     Faith    .   a - +0 leather armour
rPois    ∞         Spirit   .   b - +0 helmet
rElec    .         Reflect  .   (no cloak)
rCorr    .         Harm     .   (no gloves)
MR       ++...     NoTele   +   (no boots)
Stlth    +++++++++.             (no amulet)
HPRegen  0.00/turn              l - +30 ring of slaying
MPRegen  0.33/turn              (no ring)

@: rotting, slowed, very slow
A: rotting body, claws 1, carnivore, cold resistance 1, negative energy
resistance 3, inhibited regeneration, torment resistance, unbreathing
a: Minor Destruction, Lesser Servant of Makhleb, Major Destruction, Greater
Servant of Makhleb, Renounce Religion


You were in the Dungeon.
You worshipped Makhleb.
Makhleb was exalted by your worship.
You were not hungry.

You visited 1 branch

Inventory:

Hand Weapons
 k - the +∞ Axe of Woe (weapon)
   (You found it in the Dungeon)
Missiles
 c - 3 throwing nets (quivered)
Armour
 a - a +0 leather armour (worn)
 b - a +0 helmet (worn)
Jewellery
 l - a +30 ring of slaying (left claw)
Scrolls
 j - a scroll of blinking
Potions
 e - a potion of curing
 f - a potion of heal wounds
 g - a potion of haste
 h - 2 potions of magic
 i - a potion of berserk rage
Comestibles
 d - a ration


   Skills:
 O Level 27 Fighting
 O Level 27 Axes
 O Level 27 Throwing
 O Level 27 Armour
 O Level 27 Dodging
 O Level 27 Stealth
 O Level 27 Unarmed Combat
 O Level 27 Spellcasting
 O Level 27 Invocations


You had 80 spell levels left.
You didn't know any spells.
Your spell library was empty.

Dungeon Overview and Level Annotations

Branches:
Dungeon (1/1)

Altars:
Makhleb


Innate Abilities, Weirdness & Mutations

Your body is rotting away.
You thrive on raw meat.
You are immune to poison.
You have sharp fingernails.
You are carnivorous and can eat meat at any time.
Your flesh is cold resistant. (rC+)
You are immune to negative energy. (rN+++)
You do not regenerate when monsters are visible.
You are immune to unholy pain and torment.
You can survive without breathing.


Message History

You butcher the sculptor of flesh messily.
You destroy the sculptor of flesh!
Makhleb accepts your kill.
You feel better.
You slash something!
You fatally mangle something.
Makhleb accepts your kill.
Reactivating autopickup.
You feel a bit more experienced.
You slash the large abomination!
You fatally mangle the large abomination.
You destroy the large abomination!
You are engulfed in blazing flames.
You hear a shout! x4
A bag of meat comes into view. It is wielding a +9 war axe.
You hear a shout!
A fleshlord comes into view. It is wielding a +9 great mace.
A bag of meat comes into view. It is wielding a +9 war axe.
The tyrant mumbles some strange words.
The tyrant seems to speed up.
The fleshlord hits you with a +9 great mace!!!!!
Ouch! That really hurt!
You die...

......... #......%#
#.......# ..
...###... ..%###...
.......)###)...%...
#......))_)))......
......#o))))#...%..
......#pS<)_# .%...
.....O#@§%).#....o.
#o.oxoop§_)%%......
...X%.oS###........
.oX###)DL.%..###. O
pp #Oo.o.%.#
#...D.oo#
.o.....O.o
.o......D..
...........


You could see a tentacled monstrosity, a tyrant, 2 eight-headed meat hydras, 2
scourges, 4 fleshlords, a large abomination, a meat berserker (berserk), 10 bags
of meat and a crawling corpse.

Vanquished Creatures
  Dispater (D)
  A hell knight (D)
  14 hell beasts (D)
  9 greater mummies (D)
  5 great orbs of eyes (D)
  5 wraiths (D)
  20 vampire knights (D)
  34 ogres (D)
  6 two-headed ogres (D)
  5 liches (D)
  5 hydras (D)
  56 orcs (D)
  2 phantoms (D)
  8 skeletal warriors (D)
  4 sea snakes (D)
  6 large abominations (D)
  4 small abominations (D)
  26 crawling corpses (D)
211 creatures vanquished.

Vanquished Creatures (others)
  5 crawling corpses (D)
5 creatures vanquished.

Grand Total: 216 creatures vanquished

Notes
Turn   | Place    | Note
-------+----------+-------------------------------------------
     0 | D        | Found the +∞ Axe of Woe
     0 | D        | poirepourri the Ghoul Gladiator began the quest for the Orb.
     0 | D        | Reached XP level 1. HP: 17/17 MP: 0/0
     3 | D        | Became a worshipper of Makhleb the Destroyer
     3 | D        | Noticed a meat berserker
     5 | D        | Noticed a bag of meat
     8 | D        | Killed a meat berserker
     8 | D        | Reached XP level 2. HP: 42/42 MP: 1/1
     8 | D        | Reached XP level 3. HP: 49/49 MP: 2/2
     8 | D        | Reached XP level 4. HP: 57/57 MP: 3/3
     8 | D        | Reached XP level 5. HP: 63/63 MP: 4/4
     8 | D        | Reached XP level 6. HP: 71/71 MP: 5/5
     8 | D        | Reached XP level 7. HP: 78/78 MP: 6/6
     8 | D        | Reached XP level 8. HP: 85/85 MP: 7/7
     8 | D        | Reached XP level 9. HP: 92/92 MP: 8/8
     8 | D        | Reached XP level 10. HP: 100/100 MP: 9/9
     8 | D        | Reached XP level 11. HP: 106/106 MP: 10/10
     8 | D        | Reached XP level 12. HP: 113/113 MP: 11/11
     8 | D        | Reached XP level 13. HP: 119/119 MP: 12/12
     8 | D        | Noticed a bag of meat
     8 | D        | Noticed a bag of meat
     9 | D        | Noticed a bag of meat
    10 | D        | Noticed a meat berserker
    10 | D        | Noticed a bag of meat
    11 | D        | Killed a bag of meat
    11 | D        | Reached * piety under Makhleb
    11 | D        | Reached skill level 5 in Axes
    11 | D        | Reached XP level 14. HP: 130/130 MP: 13/13
    11 | D        | Noticed a bag of meat
    12 | D        | Killed a bag of meat
    12 | D        | Killed a bag of meat
    12 | D        | Reached skill level 15 in Fighting
    12 | D        | Reached XP level 15. HP: 141/141 MP: 14/14
    13 | D        | Killed a meat berserker
    13 | D        | Reached ** piety under Makhleb
    13 | D        | Reached skill level 27 in Unarmed Combat
    13 | D        | Reached XP level 16. HP: 155/155 MP: 15/15
    13 | D        | Reached skill level 15 in Throwing
    13 | D        | Noticed a meat berserker
    13 | D        | Noticed a meat berserker
    18 | D        | Reached skill level 1 in Armour
    18 | D        | Killed a meat berserker
    18 | D        | Reached *** piety under Makhleb
    18 | D        | Reached skill level 15 in Axes
    18 | D        | Reached skill level 27 in Dodging
    18 | D        | Reached XP level 17. HP: 159/176 MP: 16/16
    19 | D        | Killed a meat berserker
    19 | D        | Reached skill level 5 in Armour
    19 | D        | Reached XP level 18. HP: 192/192 MP: 17/17
    19 | D        | Reached **** piety under Makhleb
    19 | D        | Noticed a meat berserker
    22 | D        | Noticed a destroyer
    23 | D        | Killed a destroyer
    23 | D        | Reached skill level 27 in Fighting
    23 | D        | Reached XP level 19. HP: 207/207 MP: 18/18
    23 | D        | Killed a meat berserker
    23 | D        | Reached skill level 27 in Axes
    24 | D        | Noticed a large bag of meat
    24 | D        | Noticed a meat berserker
    25 | D        | Reached skill level 27 in Throwing
    25 | D        | Reached skill level 10 in Armour
    25 | D        | Noticed a meat berserker
    27 | D        | Reached ***** piety under Makhleb
    27 | D        | Reached XP level 20. HP: 216/216 MP: 19/19
    27 | D        | Noticed a large bag of meat
    28 | D        | Noticed a meat berserker
    31 | D        | Killed a meat berserker
    32 | D        | Noticed a meat berserker
    32 | D        | Noticed a destroyer
    33 | D        | Killed a large bag of meat
    33 | D        | Reached skill level 27 in Armour
    33 | D        | Reached XP level 21. HP: 185/224 MP: 20/20
    34 | D        | Reached skill level 10 in Spellcasting
    34 | D        | Killed a meat berserker
    34 | D        | Killed a meat berserker
    34 | D        | Reached XP level 22. HP: 233/233 MP: 20/41
    37 | D        | Reached ****** piety under Makhleb
    38 | D        | Killed a destroyer
    38 | D        | Reached skill level 27 in Stealth
    38 | D        | Reached skill level 27 in Invocations
    38 | D        | Noticed a destroyer
    39 | D        | Noticed a large bag of meat
    40 | D        | Reached XP level 23. HP: 240/240 MP: 21/51
    40 | D        | Noticed a destroyer
    41 | D        | Killed a large bag of meat
    41 | D        | Reached skill level 27 in Spellcasting
    41 | D        | Noticed a destroyer
    43 | D        | Killed a destroyer
    43 | D        | Reached XP level 24. HP: 249/249 MP: 22/53
    44 | D        | Killed a destroyer
    46 | D        | Killed a destroyer
    46 | D        | Reached XP level 25. HP: 257/257 MP: 22/53
    47 | D        | Killed a large bag of meat
    50 | D        | Reached XP level 26. HP: 266/266 MP: 23/53
    52 | D        | Noticed a destroyer
    54 | D        | Killed a destroyer
    54 | D        | Noticed a large bag of meat
    55 | D        | Noticed a destroyer
    55 | D        | Noticed an accursed
    55 | D        | Noticed an accursed
    55 | D        | Noticed an accursed
    57 | D        | Killed an accursed
    57 | D        | Reached XP level 27. HP: 273/273 MP: 25/53
    58 | D        | Noticed a dread
    63 | D        | Noticed a destroyer
    64 | D        | Noticed a meat beast
    64 | D        | Noticed a destroyer
    65 | D        | Killed a large bag of meat
    65 | D        | Killed a dread
    67 | D        | Killed a destroyer
    67 | D        | Noticed a dread
    67 | D        | Noticed a destroyer
    67 | D        | Noticed a meat beast
    69 | D        | Killed a destroyer
    69 | D        | Killed a meat beast
    69 | D        | Killed an accursed
    70 | D        | Noticed a destroyer
    71 | D        | Noticed a meat beast
    72 | D        | Killed a meat beast
    72 | D        | Noticed a meat beast
    73 | D        | Killed a meat beast
    73 | D        | Killed a destroyer
    74 | D        | Noticed a meat beast
    75 | D        | Killed an accursed
    76 | D        | Noticed an accursed
    77 | D        | Killed a destroyer
    77 | D        | Killed a destroyer
    77 | D        | Noticed a tyrant
    78 | D        | Killed a meat beast
    78 | D        | Noticed a meat beast
    78 | D        | Noticed a meat beast
    79 | D        | Killed a meat beast
    80 | D        | Killed a dread
    80 | D        | Noticed a meat beast
    81 | D        | Killed a tyrant
    82 | D        | Noticed a destroyer
    82 | D        | Noticed a meat beast
    83 | D        | Noticed a destroyer
    84 | D        | Killed a meat beast
    84 | D        | Noticed a meat beast
    85 | D        | Killed a meat beast
    86 | D        | Killed a meat beast
    86 | D        | Killed a destroyer
    87 | D        | Killed a meat beast
    87 | D        | Noticed a tyrant
    89 | D        | Killed a meat beast
    91 | D        | Killed a destroyer
    91 | D        | Noticed a destroyer
    93 | D        | Killed an accursed
    95 | D        | Noticed a meat beast
    96 | D        | Killed a destroyer
    97 | D        | Killed a tyrant
    98 | D        | Noticed a tyrant
   100 | D        | Noticed a dread
   101 | D        | Killed a meat beast
   103 | D        | Noticed a tyrant
   109 | D        | Killed a tyrant
   110 | D        | Noticed an accursed
   110 | D        | Noticed a destroyer
   111 | D        | Killed a destroyer
   111 | D        | Noticed an accursed
   112 | D        | Noticed a tyrant
   113 | D        | Noticed an accursed
   113 | D        | Noticed a meat beast
   113 | D        | Noticed a dread
   118 | D        | Killed a tyrant
   118 | D        | Noticed a destroyer
   119 | D        | Killed a dread
   120 | D        | Killed an accursed
   121 | D        | Killed a tyrant
   123 | D        | Killed a meat beast
   123 | D        | Killed a dread
   127 | D        | Noticed a meat beast
   127 | D        | Killed a destroyer
   128 | D        | Noticed a large bag of meat
   130 | D        | Noticed a large bag of meat
   130 | D        | Noticed an accursed
   133 | D        | Killed a meat beast
   133 | D        | Noticed an accursed
   134 | D        | Noticed a dread
   136 | D        | Noticed a destroyer
   138 | D        | Killed a large bag of meat
   139 | D        | Killed an accursed
   140 | D        | Noticed a destroyer
   140 | D        | Noticed a destroyer
   140 | D        | Noticed a fleshlord
   141 | D        | Killed an accursed
   142 | D        | Noticed a tyrant
   142 | D        | Noticed a destroyer
   143 | D        | Killed a destroyer
   143 | D        | Noticed a meat beast
   144 | D        | Killed a meat beast
   145 | D        | Noticed a fleshlord
   145 | D        | Noticed The Meatlord
   146 | D        | Killed a dread
   147 | D        | Killed a destroyer
   147 | D        | Noticed a tyrant
   148 | D        | Killed a large bag of meat
   149 | D        | Noticed a fleshlord
   150 | D        | Killed The Meatlord
   150 | D        | Killed an accursed
   150 | D        | Killed a destroyer
   150 | D        | Noticed a destroyer
   151 | D        | Killed a fleshlord
   151 | D        | Killed a destroyer
   151 | D        | Noticed a fleshlord
   152 | D        | Killed an accursed
   154 | D        | Noticed a fleshlord
   154 | D        | Annihilated by a fleshlord

Skill      XL: |  1  2  3  4  5  6  7  8  9 10 11 12 13 14 15 16 17 18 19 20 21 22 23 |
---------------+----------------------------------------------------------------------+-----
Fighting       | 12 13 15 17 21 24 27 | 27.0
Axes           | 4 5 8 9 15 20 25 27 | 27.0
Throwing       | 11 13 14 18 20 23 27 | 27.0
Dodging        | 18 20 22 24 27 | 27.0
Unarmed Combat | 21 23 25 27 | 27.0
Armour         | 2 5 7 16 27 | 27.0
Stealth        | 22 27 | 27.0
Spellcasting   | 16 25 27 | 27.0
Invocations    | 20 27 | 27.0

Action                   |  1- 3 |  4- 6 |  7- 9 | 10-12 | 13-15 | 16-18 | 19-21 | 22-24 | 25-27 || total
-------------------------+-------+-------+-------+-------+-------+-------+-------+-------+-------++-------
Melee: Executioner's axe |     1 |       |       |       |     3 |     3 |     6 |     9 |    85 ||   107
       Unarmed           |       |       |       |       |       |     1 |       |       |       ||     1
       Punch             |       |       |       |       |       |     1 |       |       |       ||     1
Armor: Leather armour    |       |       |       |       |       |       |       |       |     2 ||     2
Dodge: Dodged            |       |       |       |       |       |     3 |     1 |     1 |    14 ||    19
